 Dungeon Crawl Stone Soup version 0.23-a0-182-g58cdd98 (webtiles) character file.

115 Felrender the Skirmisher (level 4, -8/40 HPs)
             Began as a Draconian Berserker on Sept 19, 2018.
             Was a Follower of Trog.
             Mangled by an ogre
             ... wielding a +0 giant club
              (26 damage)
             ... on level 4 of the Dungeon on Sept 20, 2018.
             The game lasted 00:10:27 (4011 turns).

Felrender the Skirmisher (Draconian Berserker)      Turns: 4011, Time: 00:10:28

Health: -8/40      AC:  6    Str: 20    XL:     4   Next: 68%
Magic:  4/4        EV: 13    Int:  7    God:    Trog [*.....]
Gold:   140        SH:  0    Dex: 11    Spells: 3/3 levels left

rFire    . . .     SeeInvis .   o - +2 mace (holy)
rCold    . . .     Gourm    .   (no shield)
rNeg     . . .     Faith    .   (armour unavailable)
rPois    .         Spirit   .   (helmet restricted)
rElec    .         Reflect  .   g - +0 cloak
rCorr    .         Harm     +   (no gloves)
MR       .....                  (no boots)
Stlth    +.........             c - amulet of harm
HPRegen  0.13/turn              (no ring)
MPRegen  0.09/turn              (no ring)

@: no status effects
A: unfitting armour, cold-blooded, AC +5
a: Berserk, Renounce Religion


You were on level 4 of the Dungeon.
You worshipped Trog.
Trog was aware of your devotion.
You were not hungry.

You visited 1 branch of the dungeon, and saw 4 of its levels.

You collected 140 gold pieces.

Inventory:

Hand Weapons
 a - a +0 hand axe
 o - a +2 mace of holy wrath (weapon)
 p - a +0 vampiric short sword
Armour
 g - a +0 cloak (worn)
Jewellery
 c - an amulet of harm (around neck)
Scrolls
 d - a scroll of immolation
 e - a scroll of remove curse
 f - a scroll of teleportation
 j - a scroll of noise {unknown}
 k - 2 scrolls of enchant armour
 l - a scroll of magic mapping {unknown}
 m - a scroll of fear {unknown}
Potions
 h - 2 potions of agility
 i - a potion of cancellation
 n - a potion of flight {unknown}
Comestibles
 b - a chunk of flesh


   Skills:
 + Level 4.1 Fighting
 + Level 4.1 Axes
 + Level 3.6 Dodging
 + Level 0.2 Stealth


You had 3 spell levels left.
You didn't know any spells.
Your spell library was empty.

Dungeon Overview and Level Annotations

Branches:
Dungeon (4/15)
 Temple: D:4-7

Altars:
Gozag
Okawaru
Trog


Innate Abilities, Weirdness & Mutations

Your plain brown scales are hard. (AC +5)
You cannot fit into any form of body armour.
You are cold-blooded and may be slowed by cold attacks.


Message History

Trog accepts your kill.
You see here a leopard gecko corpse.
You see here a leopard gecko corpse.
You butcher the leopard gecko corpse.
b - a chunk of flesh An ogre comes into view.
It is wielding a giant club.
The ogre shouts!
The ogre misses you.
You hit the ogre.
The ogre is lightly wounded.
The ogre hits you with a giant club!!
Ouch! That really hurt!
You hit the ogre. You tail-slap the ogre.
The ogre is heavily wounded.
The ogre closely misses you.
You sock the ogre!
The ogre is almost dead.
The ogre hits you with a giant club!!
Ouch! That really hurt!
You die...

#..# #..# ##..##
.... #... #..# #
#.O# .. #.@## ...
#...+ ....
######.##.....
#.........#
#.####.##.....
#.################
#.................
#.################
#.# #.........#


You could see an ogre.

Vanquished Creatures
  A gnoll (D:1)
  5 adders
  3 worms
  3 dart slugs
  3 leopard geckos
  An orc (D:3)
  A ball python (D:1)
  A giant cockroach (D:3)
  6 goblins
  5 hobgoblins
  2 quokkas (D:2)
  7 bats
  3 frilled lizards
  A kobold (D:3)
  3 rats (D:1)
45 creatures vanquished.

Notes
Turn   | Place    | Note
-------+----------+-------------------------------------------
     0 | D:1      | Felrender the Draconian Berserker began the quest for the
                  | Orb.
     0 | D:1      | Reached XP level 1. HP: 19/19 MP: 1/1
   209 | D:1      | Reached XP level 2. HP: 11/26 MP: 2/2
   694 | D:1      | Upgraded the game from 0.23-a0-180-ga5275e7 to
                  | 0.23-a0-182-g58cdd98
   784 | D:1      | Reached XP level 3. HP: 33/33 MP: 3/3
  1077 | D:2      | Found an iron altar of Okawaru.
  1077 | D:2      | Found an opulent altar of Gozag.
  1550 | D:2      | Reached XP level 4. HP: 40/40 MP: 4/4
  2361 | D:3      | Reached ** piety under Trog
  2524 | D:3      | Found a bloodstained altar of Trog.
  4005 | D:4      | Noticed an ogre
  4011 | D:4      | Mangled by an ogre

Vault maps used:
D:1:      scummos_arrival_simple_fountains
D:2:      gammafunk_temple_overflow_statue, grunt_decor_arrowhead,
          serial_bayou_pond_b, kennysheep_generic_room_3
D:3:      first_ration, bloody_trog

Skill      XL: |  1  2  3  4 |
---------------+-------------+-----
Dodging        | 3 |  3.6
Fighting       | 4 |  4.1
Axes           | 4 |  4.1
Stealth        | |  0.2

Action                   |  1- 3 |  4- 6 || total
-------------------------+-------+-------++-------
Melee: Hand axe          |    70 |    84 ||   154
       Tailslap          |     9 |    18 ||    27
       Mace              |       |     7 ||     7
Invok: Berserk           |     2 |     1 ||     3
  Use: Scroll            |     7 |     1 ||     8
  Eat: Chunk             |     1 |       ||     1
       Ration            |     1 |     3 ||     4
Armor: Skin              |    37 |    22 ||    59
Dodge: Dodged            |    58 |    57 ||   115

Table legend:
 A = Non-vault XP
 B = Vault XP
 C = Vault XP percentage of total XP
 D = Non-vault monster count
 E = Vault monster count
 F = Vault count percentage of total count
                 A         B        C        D         E       F
            +---------+---------+-------+---------+---------+-------
      Total |     130 |      35 |  21.2 |      40 |       5 |  11.1
            +---------+---------+-------+---------+---------+-------
        D:1 |      46 |       0 |   0.0 |      19 |       0 |   0.0
        D:2 |      37 |      35 |  48.6 |       7 |       5 |  41.7
        D:3 |      39 |       0 |   0.0 |      12 |       0 |   0.0
        D:4 |       8 |       0 |   0.0 |       2 |       0 |   0.0
            +---------+---------+-------+---------+---------+-------
